 Dungeon Crawl Stone Soup version 0.27-a0-1319-geec4fb4e21 (webtiles) character file.

Game seed: 7580202113317496612

60 Kold the Shield-Bearer (level 4, -2/29 HPs)
             Began as a Gargoyle Fighter on June 21, 2021.
             Slain by an orc wizard (3 damage)
             ... on level 3 of the Dungeon.
             The game lasted 00:02:05 (1974 turns).

Kold the Shield-Bearer (Gargoyle Fighter)           Turns: 1974, Time: 00:02:05

Health: -2/29      AC: 10    Str: 20    XL:     4   Next: 6%
Magic:  4/4        EV:  9    Int:  8    God:
Gold:   102        SH:  4    Dex: 10    Spells: 3/3 levels left

rFire    . . .     SeeInvis .   a - +0 flail
rCold    . . .     Faith    .   f - +0 buckler
rNeg     + . .     Spirit   .   b - +0 scale mail
rPois    ∞         Reflect  .   (no helmet)
rElec    +         Harm     .   (no cloak)
rCorr    .         Rampage  .   (no gloves)
Will     .....                  (no boots)
Stlth    ..........             (no amulet)
HPRegen  0.09/turn              (no ring)
MPRegen  0.09/turn              (no ring)

@: no status effects
A: sickness immunity, AC +3, negative energy resistance 1, electricity
resistance, torment resistance 1, petrification resistance
a: no special abilities


You were on level 3 of the Dungeon.
You visited 1 branch of the dungeon, and saw 3 of its levels.

You collected 102 gold pieces.

Inventory:

Hand Weapons
 a - a +0 flail (weapon)
Missiles
 g - 4 boomerangs of dispersal (quivered)
Armour
 b - a +0 scale mail (worn)
 f - a +0 buckler (worn)
Wands
 i - a wand of charming (4)
Scrolls
 c - a scroll of acquirement {unknown}
 e - 3 scrolls of teleportation {unknown}
 h - 2 scrolls of identify {unknown}
Potions
 d - 2 potions of might


   Skills:
 + Level 3.7 Fighting
 * Level 2.7 Maces & Flails
 + Level 3.6 Armour
 + Level 0.9 Dodging
 + Level 3.7 Shields


You had 3 spell levels left.
You didn't know any spells.
Your spell library contained the following spells:

 Spells                   Type           Power      Damage    Failure   Level
 Animate Skeleton         Necr           0%         N/A       77%         1
 Apportation              Tloc           0%         N/A       77%         1
 Corona                   Hex            0%         N/A       77%         1
 Summon Small Mammal      Summ           0%         N/A       77%         1


Dungeon Overview and Level Annotations

Branches:
Dungeon (3/15)

Altars:


Innate Abilities, Weirdness & Mutations

You are immune to sickness and miasma.
Your stone body is resilient. (AC +3)
You are immune to poison.
You resist negative energy. (rN+)
You are resistant to electric shocks. (rElec)
You are resistant to unholy torment.
You are immune to petrification.


Message History

Something hits you but does no damage.
You barely miss something. The orc hits you but does no damage.
Something hits you but does no damage. You block the orc's attack.
Something hits you but does no damage.
You barely miss something. The orc hits you with a +0 dagger.
You hear some strange, mumbled words.
A magic dart appears from out of thin air!
The magic dart hits you but does no damage.
You miss something. The orc barely misses you.
Something hits you but does no damage.
You miss something. The orc hits you but does no damage.
Something hits you but does no damage. You block the orc's attack.
You hear some strange, mumbled words.
A puff of flame appears from out of thin air!
The puff of flame hits you.
You closely miss something. The orc hits you but does no damage.
Something hits you but does no damage.
You barely miss something. The orc barely misses you.
Something hits you but does no damage.
Your scale mail prevents you from hitting something.
The orc barely misses you. Something hits you but does no damage.
You hit something. The orc hits you but does no damage.
Something hits you but does no damage. The orc hits you with a +0 dagger.
* * * LOW HITPOINT WARNING * * *
Something hits you but does no damage.
You miss something. The orc hits you but does no damage.
Something hits you but does no damage.
You closely miss something. The orc hits you but does no damage.
Something hits you but does no damage.
You closely miss something. The orc hits you but does no damage.
Something hits you but does no damage.
You sock something! The orc closely misses you.
You hear some strange, mumbled words.
A magic dart appears from out of thin air!
The magic dart hits you.
* * * LOW HITPOINT WARNING * * *
The orc hits you with a +0 dagger.
* * * LOW HITPOINT WARNING * * *
Something hits you.
You die...

#.#.##..#...###.## #
#.#.##..#........##
#.##.#.##..#...###...#
#.#....##..#.#........
#..........#.######..#
######..#####............
...>.....# ###.######..#
#####..o.# .# .... #..#@#
. ..... #..#{# .. .....#
#.o#.# ####...# #.....
#.#.# ##.#.. #.##.# #. .#
..


You could see an orc.

Vanquished Creatures
  2 adders (D:2)
  A dart slug (D:1)
  2 orcs (D:3)
  An endoplasm (D:1)
  4 giant cockroaches
  A goblin (D:2)
  2 hobgoblins (D:1)
  2 jackals (D:2)
  8 kobolds
  3 quokkas (D:2)
  2 ball pythons (D:1)
  3 bats
  A frilled lizard (D:2)
  3 rats
35 creatures vanquished.

Notes
Turn   | Place    | Note
-------+----------+-------------------------------------------
     0 | D:1      | Kold the Gargoyle Fighter began the quest for the Orb.
     0 | D:1      | Reached XP level 1. HP: 14/14 MP: 1/1
   263 | D:1      | Reached XP level 2. HP: 17/19 MP: 2/2
   884 | D:2      | Reached XP level 3. HP: 22/23 MP: 3/3
  1876 | D:2      | Found a faded altar of an unknown god.
  1952 | D:3      | Reached XP level 4. HP: 29/29 MP: 4/4
  1974 | D:3      | HP: 1/29 [orc (2)]
  1974 | D:3      | Slain by an orc wizard

Illustrated notes

Levels and vault maps discovered:
D:1:      minmay_arrival_glassed_features, layout_loops_ring
D:2:      layout_loops_corners, dilly_ecumenical_altar_fadedgnrine
D:3:      layout_loops_ring, serial_shops, nicolae_shop_statue_plus,
          hangedman_decor_riveting, uniq_grinder

Action                   |  1- 3 |  4- 6 || total
-------------------------+-------+-------++-------
Melee: Flail             |   115 |    22 ||   137
Armor: Scale mail        |    70 |    30 ||   100
Dodge: Dodged            |    66 |     8 ||    74
Block: Kite shield       |     5 |       ||     5
       Buckler           |    16 |     3 ||    19

Table legend: (Time is in decaauts)
 A = Elapsed time spent in this place.
 B = Non-inter-level travel time spent in this place.
 C = Inter-level travel time spent in this place.
 D = Time resting spent in this place.
 E = Time spent auto-exploring this place.
 F = Levels seen in this place.
 G = Mean time per level.
                   A        B        C        D        E       F      G
               +--------+--------+--------+--------+--------+-----+--------+
         Total |   2014 |   1940 |     74 |      0 |   1640 |   3 |  671.3 |
       Dungeon |   2014 |   1940 |     74 |      0 |   1640 |   3 |  671.3 |
               +--------+--------+--------+--------+--------+-----+--------+

Top non-repeatable levels by time:
     D:2: 1227 daAuts
     D:1: 715 daAuts
     D:3: 72 daAuts
